AoeStats
← Maestro

Nomad

503475787Analyzed
1v1 RM · 1mo ago on Aug 31, 2026· 46m 6s· 2 players
Game mode
Random Map
Map size
126×126
Population
200
Speed
Normal
Resources
Standard
Victory
Conquest
Starting age
Dark Age
Ending age
Imperial Age
RankedLock teamsTeams togetherTeam positionsShared explorationLock speedFull tech treeHidden civsTurbo modeCheats
Victory
Defeat
🇷🇺 Portuguese · Russia
486
+13
🇪🇸 Magyars · Spain
424
-13
Diacono
3:52 Loom
16:11 Feudal Age
17:19 Double-Bit Axe
17:30 Horse Collar
18:45 Wheelbarrow
Maestro
18:53 Feudal Age
19:20 Fishing Lines
20:05 Double-Bit Axe
22:22 Gold Mining
26:14 Castle Age
24:36 Stone Mining
27:43 Bow Saw
Connection lost

Rejoining the realm…

Still unreachable

The connection could not be restored.

Session expired

The server has moved on; the page needs a fresh start.